[Event "Cabo Verde Open 2022"]
[Site "Mindelo-S. Vicente"]
[Date "2022.04.23"]
[Round "2.4"]
[White "Del Rio De Angelis, Salvador G."]
[Black "Caxita, Esperanca"]
[Result "1/2-1/2"]
[ECO "D10"]
[WhiteElo "2452"]
[BlackElo "1910"]
[Annotator "TA"]
[PlyCount "66"]
[EventDate "2022.04.22"]
[EventType "swiss"]
[SourceTitle "playchess.com"]
[Source "ChessBase"]
[SourceQuality "1"]
[TimeControl "40/5400+30:1800+30"]

1. d4 d5 2. c4 c6 3. cxd5 cxd5 4. Bf4 Nc6 5. e3 Nf6 6. Bd3 e6 7. Nc3 Bd6 8. Bxd6 Qxd6 9. f4 Bd7 10. Nf3 {[%emt 0:00:27] D10: Slav Defence: 3 cxd5 (without early Nf3) and 3 Nc3.} Ng4 11. Qe2 f5 12. O-O {[%emt 0:12:50] White is slightly better.} O-O 13. h3 Nf6 {[%emt 0:00:31] [#]} 14. g4 $146 ({Predecessor:} 14. Ne5 Ne7 15. Rac1 Rac8 16. g4 Ne4 17. Bxe4 dxe4 18. Rfd1 Bc6 19. Qc4 Bd5 20. Qa4 {½-½ (54) Tischbierek,R (2506)-Mueller,K (2507) Austria 2003}) 14... Qe7 ({Much less strong is} 14... fxg4 15. hxg4 Rac8 16. Ne5 $16) (14... Ne4 {feels hotter.} 15. Kh2 Nb4 16. Ne5 Rac8) 15. gxf5 exf5 16. Ne5 Be6 17. Kh2 Ne4 18. Bxe4 fxe4 19. Rg1 Qh4 {[%emt 0:02:11][%csl Ge6][%cal Rh4h3] [#]} 20. Qg2 Qh6 21. Ng4 {[%emt 0:06:28] Pair of Knights!} Qg6 22. Ne5 Qxg2+ 23. Rxg2 {[%emt 0:01:33] And now Rag1 would win.} Ne7 $1 24. Rc1 Rac8 25. Rgc2 Nf5 26. Nd1 Rxc2+ 27. Rxc2 Rc8 28. Rxc8+ Bxc8 $11 {[%emt 0:00:09] KBN-KNN} 29. Kg2 Kf8 30. Kf2 Nd6 31. Kg3 Nf5+ 32. Kf2 Nd6 33. Kg3 Nf5+ {[%emt 0:00:38] Weighted Error Value: White=0.04 (flawless) /Black=0.03 (flawless)} 1/2-1/2

[Event "Cabo Verde Open 2022"]
[Site "Mindelo-S. Vicente"]
[Date "2022.04.23"]
[Round "2.5"]
[White "Pereira, Eder Marcio"]
[Black "Fernandes, Antonio"]
[Result "0-1"]
[ECO "A45"]
[WhiteElo "1728"]
[BlackElo "2313"]
[Annotator "TA"]
[PlyCount "72"]
[EventDate "2022.04.22"]
[EventType "swiss"]
[SourceTitle "playchess.com"]
[Source "ChessBase"]
[SourceQuality "1"]
[TimeControl "40/5400+30:1800+30"]

1. d4 Nf6 2. Bf4 c5 3. e3 Qb6 4. Nc3 d6 5. dxc5 Qxb2 6. Nb5 {[%emt 0:00:35] A45: Trompowsky Attack.} (6. Nge2 $11) 6... Qb4+ $17 7. c3 Qxc5 {[%emt 0:00:11] White must now prevent ...a6.} 8. Qd4 {[%emt 0:00:12] [#] Black is clearly better.} Qc6 $146 {[%emt 0:28:38] Hoping for ...a6.} ({Predecessor:} 8... Qxd4 9. cxd4 Kd7 10. Nf3 h6 11. Bc4 e6 12. O-O a6 13. Nc3 b5 14. Bb3 Bb7 {0-1 (42) Ruprich,F-Handke,F (2260) Stuttgart 1998}) 9. Rd1 (9. Nf3 $17 {was worth a try.}) 9... a6 $19 10. Na7 {[%emt 0:06:45] [#]} (10. Qb4 $142) 10... Qc7 $2 (10... Rxa7 $1 $19 {[%mdl 512] has better winning chances.} 11. Qxa7 Qxc3+ 12. Rd2 Nc6) 11. Nxc8 $17 Qxc8 12. Bg5 Nbd7 13. Nf3 (13. Bxf6 $142 Nxf6 14. Nf3) 13... g6 14. e4 (14. Bxf6 $17 {was called for.} Nxf6 15. Be2) 14... Bg7 $19 15. Be2 Nh5 16. Qd3 Qxc3+ 17. Qxc3 Bxc3+ 18. Bd2 Bxd2+ 19. Rxd2 Nf4 20. O-O Nxe2+ 21. Rxe2 Rc8 22. e5 Nxe5 23. Nxe5 dxe5 24. Rxe5 {[%emt 0:00:09][%mdl 4096] Endgame KRR-KRR} e6 25. Rb1 Rc7 26. a4 Kd8 27. g3 Kc8 28. Kg2 Rd8 29. Rb2 Rd4 30. a5 Rdc4 31. h4 R7c5 32. Rbe2 h5 33. f3 Kc7 {[%emt 0:00:56] Black is clearly winning.} 34. Kh3 Kc6 {[%emt 0:00:58] aiming for ...Rxe5.} 35. g4 Rxe5 36. Rxe5 Rc5 {[%emt 0:00:11] Weighted Error Value: White=0.49/Black=0.21 (precise)} 0-1

[Event "Cabo Verde Open 2022"]
[Site "Mindelo-S. Vicente"]
[Date "2022.04.23"]
[Round "2.6"]
[White "L`Ami, Alina"]
[Black "Lesbros, Bernard"]
[Result "1-0"]
[ECO "D80"]
[WhiteElo "2287"]
[BlackElo "1865"]
[Annotator "TA"]
[PlyCount "73"]
[EventDate "2022.04.22"]
[EventType "swiss"]
[SourceTitle "playchess.com"]
[Source "ChessBase"]
[SourceQuality "1"]
[TimeControl "40/5400+30:1800+30"]

1. d4 Nf6 2. c4 g6 3. Nc3 d5 4. Bg5 Ne4 5. h4 Nxc3 6. bxc3 {[%emt 0:00:29] D80: Grünfeld: Unusual White 4th moves and 4 Bg5.} Bg7 7. cxd5 Qxd5 8. e3 {[%emt 0:00:33] The position is equal.} c5 9. Qf3 Qxf3 10. Nxf3 cxd4 11. cxd4 {[%emt 0:01:10] [#]} (11. Nxd4 $2 h6 12. Bf4 e5 $19) 11... h6 $146 ({Predecessor:} 11... Nc6 12. Rb1 a6 13. Be2 e5 14. d5 Na5 15. e4 b5 16. h5 gxh5 17. Nd2 Bd7 18. Rxh5 {1-0 (32) Shishkin,V (2502)-Kaczorowski,P (2058) Lazy 2013}) 12. Bf4 Bf5 13. Bb5+ Bd7 14. Bd3 {[%emt 0:07:30] White is more active.} (14. Rb1 $5 ) 14... Nc6 {[%emt 0:12:10] White leaves nothing to chance now.} ({Black should play} 14... Bc6 $14) 15. Rb1 $16 Rc8 (15... b6 $16) 16. Rxb7 $18 e5 17. Nxe5 (17. dxe5 Nd8 18. Rb1 O-O) 17... Nxe5 18. Bxe5 Bxe5 19. dxe5 (19. Bxg6 $2 Rc1+ 20. Ke2 Rxh1 $19) 19... Rc1+ 20. Ke2 ({But not} 20. Kd2 Rxh1 21. Rb8+ Ke7 22. Rxh8 Rxh4) 20... Rxh1 21. Rb8+ {[%emt 0:00:07][%mdl 64] Skewer} Ke7 22. Rxh8 Rxh4 {[%emt 0:02:19][%mdl 4096] Endgame KRB-KRB} 23. f4 Bc6 24. Kf2 h5 25. Be2 Rh1 26. Bf1 Rh4 (26... a5 $16 {keeps fighting.} 27. Rb8 h4) 27. Rc8 Kd7 {[%emt 0:00:46] [#]} (27... Bd7 {might work better.} 28. Rc7 Kd8 29. Rxa7 g5) 28. Rb8 (28. Rxc6 $142 $1 Kxc6 29. g3 (29. Bc4 g5 $14) 29... Rh2+ 30. Bg2+ Kc5 31. Kg1 Rxg2+ 32. Kxg2) 28... Bd5 29. a3 Bc6 30. Rb4 a5 (30... Rh1 {was called for.} 31. Rb3 Be4) 31. Rd4+ Kc7 32. Bc4 Rh2 (32... Be8 $142 33. Rd6 f5) 33. Bd5 {[%emt 0:00:36] White is clearly winning.} Be8 (33... Bxd5 $142 34. Rxd5 Kc8) 34. Kg1 Rh4 35. Bf3 {[%emt 0:00:09] Prevents Rg4.} Bd7 36. g3 Rh3 {[%emt 0:00:20] [#]} 37. Rxd7+ $1 {[%emt 0:00:34][%mdl 512] Weighted Error Value: White=0.22 (precise) /Black=0.42} 1-0

[Event "Cabo Verde Open 2022"]
[Site "Mindelo-S. Vicente"]
[Date "2022.04.23"]
[Round "2.8"]
[White "Varela La Madrid, Tilsia Carolina"]
[Black "Babo, Miguel"]
[Result "1-0"]
[ECO "B00"]
[WhiteElo "2097"]
[BlackElo "1789"]
[Annotator "TA"]
[PlyCount "151"]
[EventDate "2022.04.22"]
[EventType "swiss"]
[SourceTitle "playchess.com"]
[Source "ChessBase"]
[SourceQuality "1"]
[TimeControl "40/5400+30:1800+30"]

1. e4 Nc6 2. Nf3 f5 3. exf5 d5 4. d4 Bxf5 5. Bd3 Bg4 6. h3 {[%emt 0:00:45] B00: Queen's Fianchetto Defence, Nimzowitsch Defence.} (6. Bb5 {is interesting.} e6 7. h3 Bxf3 8. Qxf3 Qd7 9. O-O) 6... Bxf3 7. Qxf3 Nf6 {[%emt 0:00:17] Prevents Qh5+.} 8. c3 {[%emt 0:04:58] White is slightly better.} e6 (8... e5 $11 {remains equal.}) 9. O-O Bd6 $1 {[%emt 0:01:48] [#]} 10. Qe2 $146 ({Predecessor:} 10. Bf4 O-O 11. Bxd6 Qxd6 12. Nd2 e5 13. dxe5 Nxe5 14. Qe2 Rae8 15. Bc2 Neg4 16. Qxg4 Nxg4 17. hxg4 {0-1 (32) Buss,A (1729)-Schneider,I (2512) Playchess.com INT 2021}) 10... Kd7 ({Better is} 10... Qe7 $14) 11. b4 (11. Re1 Qe7 $16) 11... Qe8 12. Re1 Qf7 13. Nd2 Rae8 14. a4 (14. b5 $16 Na5 15. Nb3) 14... Qh5 (14... e5 $1 $11 {keeps the balance.}) 15. Nf3 (15. b5 $16 Na5 16. Nf3) 15... Kc8 $2 (15... e5 $1 $14) 16. Bb5 $1 $18 Kd7 $2 (16... Nd8 17. Bxe8 Rxe8) 17. Bg5 Qf7 18. Bxc6+ bxc6 19. b5 cxb5 20. Qxb5+ Ke7 21. Ne5 {[%emt 0:01:57] Intending Qd7+ and mate.} Qh5 22. Qd7+ Kf8 {[%emt 0:00:19] [#]} 23. Bxf6 (23. g4 $1 $18 {[%mdl 512] And now Bxf6 would win.} Qxg4+ 24. hxg4 Nxd7 25. Nxd7+ Kg8 26. Ne5) 23... gxf6 $11 24. Ng4 $40 {[%emt 0:03:48][%cal Be5g4,Bg4e3,Be3c4][%mdl 160] White is up to no good.} Qf7 (24... Re7 $5 25. Qb5 (25. Nxf6 $2 Qf5 $19) 25... Qg5 $14) 25. Qc6 h5 26. Ne3 Rg8 27. c4 dxc4 (27... f5 $14) 28. Nxc4 $18 Rd8 29. Rab1 Rg5 30. Rb7 a5 31. Reb1 Rd5 32. Nxd6 R5xd6 (32... R8xd6 $142 33. Qc3 (33. Qxc7 Qxc7 34. Rxc7 Rxd4 $16) (33. Qc1 Rd7 $16) 33... Rd7 34. Rb8+ Kg7) 33. Qc5 (33. Qxc7 Qxc7 34. Rxc7 Rxd4 $16) 33... R8d7 {[%emt 0:01:45] [#]} 34. Rxc7 $3 Kg7 (34... Rxc7 35. Qxd6+) 35. Rxd7 Rxd7 36. Qxa5 Rxd4 {[%emt 0:00:44][%mdl 4096] Endgame KQR-KQR} 37. Qa8 Rd7 38. Qf3 {[%emt 0:03:23] aiming for a5.} Kh6 (38... Ra7 $142 39. Rb6 Qd7 40. Qxh5 Rxa4) 39. Qf4+ Kh7 40. Kh2 Qg6 41. Rb6 (41. Rg1 e5 42. Qf3 Rg7 $18) 41... Qf7 (41... Kg7 42. Rxe6 Qg5) 42. Qe4+ f5 43. Qxe6 Qxe6 44. Rxe6 {[%emt 0:00:07] KR-KR} Ra7 $2 (44... h4 45. Re5 Rd4) 45. Re5 Rxa4 (45... Kg6 $142 46. a5 Kg5) 46. Rxf5 Kg6 47. Rb5 h4 (47... Ra3 $142 48. g3 Ra2) 48. g4 $2 (48. Rb2 Rc4 49. Rb6+ Kg7 50. Re6) 48... hxg3+ 49. fxg3 {[%emt 0:00:06] Threatens to win with h4.} ({Don't do} 49. Kxg3 $6 Ra1 50. h4 Rh1 51. Rg5+ (51. f4 Rg1+ 52. Kf2 Ra1 $16) 51... Kf6 $16) 49... Ra2+ 50. Kg1 Ra1+ 51. Kf2 {[%emt 0:00:07] Black must now prevent h4.} Ra2+ 52. Kf3 Ra3+ 53. Kf4 Ra4+ 54. Ke5 Ra3 {[%emt 0:01:05] [#] Inhibits Rb3.} 55. Rb6+ $2 (55. Rb8 $1 $18 ) 55... Kg7 (55... Kg5 $11) 56. Kf4 {[%emt 0:00:13] White threatens Rc6 and mate.} Ra4+ 57. Kg5 {[%emt 0:00:12] White mates.} Ra5+ 58. Kh4 Ra4+ 59. g4 Ra5 60. g5 Ra3 61. Kg4 Ra4+ 62. Kh5 Ra7 63. h4 Rc7 64. Rg6+ Kh7 65. Rf6 Kg7 66. Kg4 Rc4+ 67. Rf4 Rc6 68. h5 Rc5 69. h6+ Kg6 70. Rf6+ Kh7 71. Rf7+ Kh8 72. g6 Rc8 73. Kg5 Rc5+ 74. Rf5 Rc8 75. g7+ Kg8 76. Kg6 {[%emt 0:00:08] Weighted Error Value: White=0.47/Black=0.67} 1-0

[Event "Cabo Verde Open 2022"]
[Site "Mindelo-S. Vicente"]
[Date "2022.04.24"]
[Round "3.1"]
[White "Strikovic, Aleksa"]
[Black "L`Ami, Alina"]
[Result "1-0"]
[ECO "A25"]
[WhiteElo "2489"]
[BlackElo "2287"]
[Annotator "TA"]
[PlyCount "68"]
[EventDate "2022.04.22"]
[EventType "swiss"]
[SourceTitle "playchess.com"]
[Source "ChessBase"]
[SourceQuality "1"]
[TimeControl "40/5400+30:1800+30"]

1. c4 e5 2. g3 Nc6 3. Bg2 f5 4. Nc3 Nf6 5. e3 g6 6. Nge2 Bg7 7. d3 d6 8. Rb1 O-O 9. b4 Ne7 10. b5 {[%emt 0:02:51] A25: English Opening vs King's Indian with ...Nc6 but without early d3.} g5 11. f4 h6 12. O-O {[%emt 0:00:35] White is slightly better.} Qe8 13. c5 {[%emt 0:21:11] [#]} exf4 $146 (13... Qh5 $14) ({Predecessor:} 13... Qh5 14. cxd6 cxd6 15. b6 axb6 16. Rxb6 Ra6 17. Qb3+ Kh8 18. Rxb7 Bxb7 19. Qxb7 Rxa2 20. Nxa2 Qxe2 21. Qxe7 Qxa2 22. fxg5 hxg5 23. Qxd6 {1-0 (55) Kartsev,S (2208)-Muschik,B (2295) Germany 2015}) 14. exf4 $16 {[%emt 0:02:47] Threatens to win with cxd6.} g4 15. cxd6 cxd6 16. Re1 (16. Ba3 {keeps more tension.} Qd8 17. Re1 Ne8 18. Qa4) 16... Qf7 17. Ba3 Rd8 18. Qd2 Rb8 ({Less strong is} 18... Nfd5 19. Nxd5 Nxd5 20. Bb2 $16) 19. Bb2 h5 20. Qe3 Ra8 21. Nd4 Ng6 ({Better is} 21... Re8) 22. Qf2 h4 23. Re2 {[%emt 0:00:28] &Bianco is more active.} ({Resist} 23. gxh4 d5 $16) (23. Rbc1 $142) 23... Kh8 (23... Rb8 $142) 24. Rbe1 ({Don't play} 24. gxh4 $6 d5 $14) 24... h3 25. Bh1 d5 {[%emt 0:01:15] [#]} 26. Re5 $1 Nxe5 $2 (26... Kg8 27. Nxf5 Nxe5 28. fxe5 Ne8 29. Nxg7 Qxf2+ 30. Kxf2 Nxg7) (26... Ne8 27. Rxd5) 27. fxe5 $18 Nh5 28. e6 Qg6 29. Nxd5 Rg8 (29... Rxd5 $142 30. Bxd5 Qf6) 30. Nxf5 {[%emt 0:05:03] Pair of Knights!} Bxe6 31. Nxg7 {[%emt 0:00:35][%mdl 64] [#] Deflection} Nxg7 32. Nf4 {[%emt 0:00:09][%csl LRb7,LRe6,LRg6][%mdl 64] Discovered Attack} Qf7 33. Rxe6 Kh7 34. Be4+ Kh8 {[%emt 0:01:13] Weighted Error Value: White=0.10 (very precise) /Black=0.73} 1-0

[Event "Cabo Verde Open 2022"]
[Site "Mindelo-S. Vicente"]
[Date "2022.04.24"]
[Round "3.2"]
[White "Galego, Luis"]
[Black "Maisuradze, Nino"]
[Result "1-0"]
[ECO "A30"]
[WhiteElo "2474"]
[BlackElo "2202"]
[Annotator "TA"]
[PlyCount "119"]
[EventDate "2022.04.22"]
[EventType "swiss"]
[SourceTitle "playchess.com"]
[Source "ChessBase"]
[SourceQuality "1"]
[TimeControl "40/5400+30:1800+30"]

1. d4 Nf6 2. Nf3 b6 3. g3 Bb7 4. Bg2 c5 5. O-O cxd4 6. Qxd4 g6 7. c4 Bg7 8. Nc3 Nc6 9. Qh4 h6 10. Qf4 {[%emt 0:21:54] A30: Symmetrical English: Double Fianchetto and Hedgehog.} Qb8 11. Qe3 {[%emt 0:06:35] [#]} Ng4 $146 ({Predecessor:} 11... e6 12. Qd3 g5 13. Nb5 O-O 14. Nd6 Ng4 15. Nxb7 Qxb7 16. h3 {½-½ (16) Larsen,S (2318)-Schandorff,L (2547) Denmark 2002}) 12. Qd2 {[%emt 0:01:26] White is slightly better.} Nce5 13. Nxe5 Nxe5 14. Bxb7 Qxb7 15. b3 h5 16. Bb2 h4 17. Qd5 O-O-O 18. Qxb7+ Kxb7 19. Nd5 e6 20. Ne3 hxg3 21. hxg3 {[%emt 0:00:39] [#]} Nf3+ $1 22. exf3 Bxb2 23. Rad1 g5 24. Kg2 Kc7 25. Rd2 Bg7 26. Rc1 Bf8 27. Ng4 f5 28. Ne5 {[%emt 0:01:40] Threatens to win with Nf7.} Rh7 {[%emt 0:00:20] Inhibits Nf7.} 29. Nd3 Be7 30. Rcd1 (30. f4 {keeps more tension.} g4 31. c5 Rdh8 32. cxb6+ Kxb6 33. Rdc2) 30... Bf6 31. f4 g4 32. Rh1 Rxh1 33. Kxh1 $11 {[%emt 0:00:03][%mdl 4096] Endgame KRB-KRN} d5 34. c5 b5 35. Kg2 Bc3 36. Re2 Re8 37. f3 gxf3+ 38. Kxf3 a5 39. a3 Kc6 40. b4 a4 41. Rh2 Rh8 42. Rh4 Bf6 43. Rxh8 Bxh8 {[%emt 0:00:02] KB-KN} 44. g4 fxg4+ 45. Kxg4 d4 $2 {[%emt 0:11:21][%mdl 8192] White stays focused until the end.} (45... Bd4 $11) 46. f5 (46. Kg5 $142 Kd5 47. Kg6) 46... e5 $2 (46... exf5+ 47. Kxf5 Bg7) 47. Kf3 $18 {[%emt 0:01:38] White is clearly winning.} Kd5 48. Nf2 Bg7 49. Ne4 Bh6 50. f6 d3 51. f7 {[%emt 0:00:40] Black must now prevent Nf2.} d2 {[%emt 0:01:10] [#]} 52. Nxd2 $1 Ke6 53. Ne4 (53. Nb1 $142 Kxf7 54. Nc3) 53... Kxf7 54. Nd6+ Ke6 55. Ke4 Bc1 56. Nxb5 Bd2 57. Kd3 Bc1 58. Kc2 Be3 59. Nc3 Bd4 60. Kd3 {[%emt 0:02:47] Weighted Error Value: White=0.16 (very precise) /Black=0.28 (precise)} 1-0

[Event "Cabo Verde Open 2022"]
[Site "Mindelo-S. Vicente"]
[Date "2022.04.24"]
[Round "3.3"]
[White "Fernandes, Antonio"]
[Black "Varela La Madrid, Tilsia Carolina"]
[Result "1-0"]
[ECO "E04"]
[WhiteElo "2313"]
[BlackElo "2097"]
[Annotator "TA"]
[PlyCount "95"]
[EventDate "2022.04.22"]
[EventType "swiss"]
[SourceTitle "playchess.com"]
[Source "ChessBase"]
[SourceQuality "1"]
[TimeControl "40/5400+30:1800+30"]

1. d4 d5 2. c4 e6 3. Nf3 Nf6 4. g3 dxc4 5. Bg2 c5 6. Qa4+ Bd7 {[%emt 0:10:46] E04: Open Catalan: 5 Nf3.} 7. Qxc4 b5 8. Qc2 Na6 {[%emt 0:00:34] The position is equal.} 9. O-O Nb4 10. Qd1 Rc8 11. a3 Nc6 {[%emt 0:02:39] [#]} 12. Nc3 $146 ({Predecessor:} 12. dxc5 Bxc5 13. Nc3 b4 14. axb4 Bxb4 15. Bg5 h6 16. Bxf6 Qxf6 17. Nb5 a5 18. Nd6+ Bxd6 19. Qxd6 {½-½ (56) Lekic,D (2340)-Drazic,S (2483) Bar 2007}) 12... Nxd4 13. Nxd4 cxd4 14. Qxd4 Bc5 15. Qd3 Qb6 ({Better is} 15... O-O $14) 16. Bg5 $36 {[%emt 0:15:05][%mdl 2048] Keeping Black busy.} Be7 17. Rad1 {[%emt 0:09:44] Bxf6 is the strong threat.} Rd8 18. Be3 Qb8 19. Qd4 {[%emt 0:00:37] &Bianco is much more active.} a6 $2 (19... b4 $16) 20. Bf4 $18 Qc8 21. Qb6 {[%emt 0:09:29] Against Bc6. Threatens to win with Bc7.} Bc5 {[%emt 0:02:55] [#]} (21... Qc5 $142 22. Qxa6 O-O) 22. Qb7 $2 (22. Qa5 $1 $18) 22... Qxb7 $1 $14 23. Bxb7 {[%emt 0:00:03] And now b4 would win.} Bc8 {[%emt 0:00:28] [#]} 24. Bc7 $1 Rxd1 25. Rxd1 O-O (25... Bxf2+ $2 26. Kxf2 Ng4+ 27. Kg1 $18) 26. Bc6 e5 (26... h5 $16) 27. Nd5 (27. Bxe5 $6 Bxf2+ 28. Kg2 (28. Kxf2 Ng4+ 29. Ke1 Nxe5 $11) 28... Ng4 $11) (27. b4 $18 Ba7 28. e3 (28. Bxe5 Bxf2+ 29. Kg2 Ng4 $14)) 27... Bg4 28. Bxe5 Bxe2 29. Re1 (29. Nxf6+ gxf6 30. Rd5 fxe5 $14) (29. Rd2 $142 Nxd5 30. Rxe2 (30. Bxd5 Bg4 $14) (30. Rxd5 Bb6 $14)) 29... Nxd5 30. Rxe2 (30. Bxd5 Bc4 31. Bxc4 bxc4 $14) 30... Ne7 {[%emt 0:09:18] [#]} (30... Nf6 $16) 31. Bb7 $1 $18 {[%emt 0:00:09] Hoping for Rc2. A strong pair of Bishops.} Ng6 (31... Nf5 {is a better defense.} 32. Rd2 (32. Bxa6 f6 $16) 32... f6) 32. Bc7 ({Inferior is} 32. Bxa6 Re8 33. Bd6 (33. b4 Bb6 $17) 33... Rxe2 $17) 32... a5 33. Bxa5 Rb8 34. Bc6 f6 $2 (34... Ne7 {was called for.}) 35. Re8+ Rxe8 36. Bxe8 {[%emt 0:00:03][%mdl 4096] Endgame KBB-KBN} Ne5 37. Bxb5 Ng4 38. Be1 {[%emt 0:00:14] White is clearly winning.} Kf8 39. Kg2 Bd4 40. b4 Ke7 41. a4 Kd6 42. h3 Ne5 43. f4 Nf7 44. Bf2 Bc3 45. a5 {[%emt 0:00:24] a6 would kill now.} Kc7 46. a6 {[%emt 0:01:17] White threatens a7 and mate.} Nd8 47. a7 Kb7 48. Bc4 {[%emt 0:00:50] Weighted Error Value: White=0.15 (very precise) /Black=0.31} 1-0

[Event "Cabo Verde Open 2022"]
[Site "Mindelo-S. Vicente"]
[Date "2022.04.24"]
[Round "3.4"]
[White "Mirulla, David"]
[Black "Ortega Amarelle, Mariano"]
[Result "0-1"]
[ECO "B44"]
[WhiteElo "1972"]
[BlackElo "2476"]
[Annotator "TA"]
[PlyCount "42"]
[EventDate "2022.04.22"]
[EventType "swiss"]
[SourceTitle "playchess.com"]
[Source "ChessBase"]
[SourceQuality "1"]
[TimeControl "40/5400+30:1800+30"]

1. e4 c5 2. Nf3 Nc6 3. d4 cxd4 4. Nxd4 e6 5. c4 Nf6 6. Nc3 Bb4 7. Nxc6 bxc6 8. Bd3 e5 9. O-O O-O 10. Qa4 {[%emt 0:04:44] 10.h3 is a critical line. B44: Sicilian: Taimanov: 5 Nb5.} Bc5 11. Bg5 h6 12. Bd2 {[%emt 0:10:21] [#] The position is equal.} Bb7 $146 ({Predecessor:} 12... Rb8 13. Rab1 Bd4 14. b4 d5 15. exd5 cxd5 16. c5 a5 17. Ne2 axb4 18. Nxd4 exd4 {½-½ (45) Marco,C (2058)-Fantinel,T (2144) France 2009}) 13. Rad1 Qe7 14. Ne2 a5 {[%emt 0:05:48] Prevents b4.} (14... Ng4 {seems wilder.} 15. Be1 a5 16. Qc2 d6) 15. Ng3 d5 16. cxd5 cxd5 17. exd5 Bxd5 {[%emt 0:00:05] [#]} (17... Nxd5 $11 18. Nf5 (18. Qe4 Nf6 $11) 18... Qf6) 18. Ne4 (18. Bxh6 $1 $16 e4 {[#]} (18... Qd7 19. Qxd7) 19. Bxg7 $1 (19. Nf5 Qe5 $17) 19... exd3 20. Qf4) 18... Bd4 $15 19. Nxf6+ Qxf6 20. Bxa5 $2 (20. b3 $17) 20... Qg5 $19 21. g3 Qg4 {[%emt 0:00:11] Weighted Error Value: White=0.78/Black=0.18 (very precise)} 0-1

[Event "Cabo Verde Open 2022"]
[Site "Mindelo-S. Vicente"]
[Date "2022.04.24"]
[Round "3.5"]
[White "Ferreira, Paulo"]
[Black "Del Rio De Angelis, Salvador G."]
[Result "0-1"]
[ECO "D35"]
[WhiteElo "2073"]
[BlackElo "2452"]
[Annotator "TA"]
[PlyCount "62"]
[EventDate "2022.04.22"]
[EventType "swiss"]
[SourceTitle "playchess.com"]
[Source "ChessBase"]
[SourceQuality "1"]
[TimeControl "40/5400+30:1800+30"]

1. d4 Nf6 2. c4 e6 3. Nf3 d5 4. e3 b6 5. Nc3 Bd6 6. Qc2 {[%emt 0:01:42] D35: Queen's Gambit Declined: Exchange Variation.} O-O {[%emt 0:02:42] [#]} 7. e4 $146 ({Predecessor:} 7. Be2 Bb7 8. cxd5 exd5 9. Nb5 Bb4+ 10. Bd2 Bxd2+ 11. Nxd2 c6 12. Nc3 Na6 13. O-O {1-0 (61) Firouzja,A (2726)-Tang,A (2537) Chess.com INT 2020}) 7... dxe4 8. Nxe4 {[%emt 0:01:05] The position is equal.} Bb4+ 9. Nc3 Bb7 10. a3 Be7 11. Be2 c5 12. dxc5 bxc5 13. Bg5 Nc6 14. Rd1 Nd4 15. Nxd4 cxd4 16. Bxf6 (16. O-O $5 ) 16... Bxf6 17. Ne4 (17. O-O $11) 17... Qa5+ $17 18. Rd2 (18. b4 $15 Bxe4 19. Qxe4 Qxa3 20. b5) 18... Bg5 19. Nxg5 Qxg5 20. Rg1 {[%emt 0:02:56] [#]} (20. Bf3 $17 Bxf3 21. gxf3) 20... e5 $1 $19 21. Qb3 Rab8 ({Much less strong is} 21... Bxg2 22. Bf1 $16) 22. Qg3 Qf6 {[%emt 0:00:14] Hoping for ...e4.} 23. f3 a5 {[%emt 0:05:19] &Nero is more active.} 24. Bd3 Ba6 {[%emt 0:12:35] Threatens to win with ...Rb3.} 25. Kd1 Qc6 26. Rc2 {[%emt 0:09:29] This costs White the game.} (26. Qxe5 $17 Bxc4 27. Bxc4 Qxc4 28. Qxd4 Qxd4 29. Rxd4) 26... Rb3 27. Be4 (27. f4 Qb6 28. fxe5) 27... Qc5 {[%emt 0:00:58] aiming for ...d3.} 28. Re1 (28. Kc1 $142 Bxc4 29. Re1) 28... d3 29. Rd2 Bxc4 30. Bxh7+ Kxh7 31. Rxe5 {[%emt 0:00:15] [#]} Rxa3 $1 {[%emt 0:06:02][%mdl 512] Weighted Error Value: White=0.88/Black=0.11 (very precise)} 0-1